 Dungeon Crawl Stone Soup version 0.28-a0-1429-gf3d713df7a (console) character file.

Game seed: 3716552829448498095

91 petzl the Vexing (level 4, -3/33 HPs)
             Began as a Formicid Arcane Marksman on Jan 8, 2022.
             Slain by a gnoll (12 damage)
             ... on level 2 of the Dungeon.
             The game lasted 00:03:03 (1460 turns).

petzl the Vexing (Formicid Arcane Marksman)         Turns: 1460, Time: 00:03:03

Health: -3/33      AC:  2    Str: 15    XL:     4   Next: 87%
Magic:  3/7        EV: 12    Int: 14    God:
Gold:   51         SH:  0    Dex: 11    Spells: 6/7 levels left

rFire   . . .      SeeInvis +   a - +0 dagger (venom) {!f =f}
rCold   . . .      Faith    .   (no shield)
rNeg    . . .      Spirit   .   d - +0 robe
rPois   .          Reflect  .   (helmet unavailable)
rElec   .          Harm     .   (no cloak)
rCorr   .          Rampage  .   (no gloves)
Will    .....                   (no boots)
Stlth   ++........              (no amulet)
HPRegen 0.11/turn               (no ring)
MPRegen 0.10/turn               (no ring)

@: no status effects
A: permanent stasis, dig shafts and tunnels, antennae 3, four strong arms
a: Dig, Shaft Self


You were on level 2 of the Dungeon.
You visited 1 branch of the dungeon, and saw 2 of its levels.

You collected 51 gold pieces.

Inventory:

Hand Weapons
 a - a +0 dagger of venom (weapon) {!f =f}
 b - a +0 hand crossbow
Missiles
 c - 10 bolts
Armour
 d - a +0 robe (worn)
Scrolls
 f - 4 scrolls of enchant weapon {unknown}
 g - a scroll of immolation
 h - a scroll of identify {unknown}
 k - a scroll of torment {unknown}
 m - a scroll of magic mapping {unknown}
 n - a scroll of blinking {unknown}
Potions
 e - a potion of lignification {unknown}
 i - 2 potions of curing {unknown}
 j - a potion of resistance {unknown}
 l - a potion of flight {unknown}


   Skills:
 + Level 1.7 Fighting
 * Level 3.0 Crossbows
 + Level 1.1 Armour
 + Level 2.2 Dodging
 + Level 1.3 Stealth
 * Level 2.2 Spellcasting
 - Level 3.6 Hexes


You had 6 spell levels left.
You knew the following spells:

 Your Spells              Type           Power      Damage    Failure   Level
a - Slow                  Hex            44%        N/A       5%          1

Your spell library contained the following spells:

 Spells                   Type           Power      Damage    Failure   Level
 Inner Flame              Hex/Fire       6%         N/A       32%         3
 Portal Projectile        Hex/Tloc       12%        N/A       32%         3
 Cause Fear               Hex            5%         N/A       45%         4


Dungeon Overview and Level Annotations

Branches:
Dungeon (2/15)

Altars:


Innate Abilities, Weirdness & Mutations

You cannot be hasted, slowed, berserked, paralysed or teleported.
You can dig through walls and to a lower floor.
You have a pair of large antennae on your head. (SInv)
Your four strong arms can wield two-handed weapons with a shield.


Message History

The gnoll is almost dead.
You kill the gnoll!
Your Crossbows skill increases to level 3!
Casting: Slow (safe; 5% risk of failure)
Confirm with . or Enter, or press ? or * to list all spells.
Aiming: Slow (safe; 5% risk of failure)
Press: ? - help, Shift-Dir - straight line, f - gnoll
Aim: a gnoll, wielding a +0 club (chance to affect: 58%)
The gnoll seems to slow down.
A gnoll comes into view. It is wielding a +0 halberd.
The gnoll shouts!
The gnoll hits you with a +0 club.
Things that are here:
a +0 whip; 10 gold pieces You hit the gnoll.
The gnoll is poisoned.
The gnoll is lightly wounded.
You hit the gnoll.
The gnoll looks as sick as possible!
The gnoll is heavily wounded.
The gnoll barely misses you.
You hit the gnoll but do no damage.
The gnoll looks as sick as possible!
The gnoll is severely wounded.
The gnoll hits you with a +0 club.
You kill the gnoll!
Casting: Slow (safe; 5% risk of failure)
Confirm with . or Enter, or press ? or * to list all spells.
Aiming: Slow (safe; 5% risk of failure)
Press: ? - help, Shift-Dir - straight line, f - gnoll
Aim: a gnoll, wielding a +0 halberd (chance to affect: 58%)
The gnoll seems to slow down.
The gnoll completely misses you. The gnoll hits you with a +0 halberd!
You barely miss the gnoll. You hit the gnoll.
The gnoll is poisoned.
The gnoll is lightly wounded.
The gnoll hits you with a +0 halberd.
* * * LOW HITPOINT WARNING * * *
You barely miss the gnoll.
The gnoll is lightly wounded.
The gnoll hits you with a +0 halberd!
You die...

##################
#................#
#................#
#................## #######
#.................# #.....#
#...........##....# #.....#
####........##....# #.....#
#........##....#####.....##
#....>.........'..........# ...
#........##....#####......####.....
#.........+.....@g.....)...........
#........##....###########.###.....
##.########....# #####.###.....
#.#...........#### #.............
#.#..............# #........#####
###.#..............# #........#
#...#..............# #........##
#.###.....รท........# #.......g....
#..................# #............
#####.#.###........####............#
#.......# #.........)......(.......#
#.###.#####........###########......
#.###.....#........# .....
#...#..............# ...
#.###..............#
#...........########### {
#####.................# {
#.................#
#.................#


You could see a gnoll (very poisoned, slow).

Vanquished Creatures
  3 gnolls (D:2)
  2 adders (D:2)
  2 dart slugs (D:1)
  2 ball pythons
  9 endoplasms
  2 giant cockroaches
  2 goblins
  A hobgoblin (D:1)
  2 jackals (D:1)
  5 kobolds (D:1)
  2 quokkas
  2 bats (D:1)
  2 frilled lizards
  2 rats
38 creatures vanquished.

Notes
Turn   | Place    | Note
-------+----------+-------------------------------------------
     0 | D:1      | petzl the Formicid Arcane Marksman began the quest for the
                  | Orb.
     0 | D:1      | Reached XP level 1. HP: 15/15 MP: 2/2
     9 | D:1      | Found a faded altar of an unknown god.
   110 | D:1      | Reached XP level 2. HP: 21/21 MP: 4/4
   294 | D:1      | Reached XP level 3. HP: 20/26 MP: 5/5
   987 | D:2      | Reached skill level 1 in Stealth
  1148 | D:2      | Reached XP level 4. HP: 22/32 MP: 5/7
  1331 | D:2      | Reached skill level 1 in Armour
  1460 | D:2      | Slain by a gnoll

Illustrated notes

Levels and vault maps discovered:
D:1:      wander_arrival_chamber, layout_basic,
          hellmonk_ecumenical_altar_blasted, serial_rivers,
          chequers_serial_rivers_marsh, chequers_serial_rivers_small_a,
          chequers_serial_rivers_micro_a, chequers_serial_rivers_micro_b,
          chequers_serial_rivers_room_a, chequers_serial_rivers_large_a
D:2:      layout_basic

Skill      XL: |  1  2  3  4 |
---------------+-------------+-----
Dodging        | 2 |  2.2
Stealth        | 1 |  1.3
Spellcasting   | 2 |  2.2
Armour         | 1 |  1.1
Crossbows      | 3 |  3.0
Fighting       | |  1.7
Hexes          | |  3.6

Action                   |  1- 3 |  4- 6 || total
-------------------------+-------+-------++-------
Melee: Dagger            |    10 |    28 ||    38
       Punch             |       |     1 ||     1
 Fire: Hand crossbow     |    56 |       ||    56
 Cast: Slow              |     1 |     8 ||     9
 Stab: Sleeping          |       |     1 ||     1
Armor: Robe              |     4 |     2 ||     6
Dodge: Dodged            |     7 |    10 ||    17

Table legend: (Time is in decaauts)
 A = Elapsed time spent in this place.
 B = Non-inter-level travel time spent in this place.
 C = Inter-level travel time spent in this place.
 D = Time resting spent in this place.
 E = Time spent auto-exploring this place.
 F = Levels seen in this place.
 G = Mean time per level.
                   A        B        C        D        E       F      G
               +--------+--------+--------+--------+--------+-----+--------+
         Total |   1489 |   1430 |     59 |     95 |   1068 |   2 |  744.5 |
       Dungeon |   1489 |   1430 |     59 |     95 |   1068 |   2 |  744.5 |
               +--------+--------+--------+--------+--------+-----+--------+

Top non-repeatable levels by time:
     D:1: 904 daAuts
     D:2: 584 daAuts
